 Dungeon Crawl Stone Soup version 0.20.1-1-g8b1a95d (webtiles) character file.

1207 doot the Poker (level 8, -8/54 HPs)
             Began as a Demonspawn Gladiator on July 10, 2017.
             Was an Initiate of Hepliaklqana.
             Killed by divine providence
             ... invoked by an orc priest
              (17 damage)
             ... on level 7 of the Dungeon.
             The game lasted 00:18:48 (6434 turns).

doot the Poker (Demonspawn Gladiator)               Turns: 6434, Time: 00:18:49

Health: -8/54      AC: 11    Str: 16    XL:     8   Next: 21%
Magic:  8/8        EV: 14    Int: 12    God:    Hepliaklqana [......]
Gold:   43         SH:  0    Dex: 15    Spells: 6/7 levels left

rFire    + . .     SeeInvis .   a - +6 falchion of the Lumpy Blessings {slice, rPois rF+ Int+2}
rCold    . . .     Gourm    .   (no shield)
rNeg     . . .     Faith    .   u - +0 scale mail
rPois    +         Spirit   .   c - +0 helmet
rElec    .         Reflect  .   A - +0 cloak
rCorr    .         Harm     .   E - +1 pair of gloves {archery}
MR       .....                  (no boots)
Stlth    ++........             O - amulet of regeneration
Regen    0.6/turn               l - ring of poison resistance
MPRegen  0.2/turn               B - ring of stealth

@: no status effects
A: reduced essence, hooves 1, repulsion field 2, demonic guardian 1, spiny 1
a: Recall Ancestor, Ancestor Identity, Renounce Religion


You were on level 7 of the Dungeon.
You worshipped Hepliaklqana.
Hepliaklqana was noncommittal.
You were hungry.

You visited 2 branches of the dungeon, and saw 8 of its levels.

You collected 343 gold pieces.
You spent 300 gold pieces at shops.

Inventory:

Hand Weapons
 a - the +6 falchion of the Lumpy Blessings (weapon) {slice, rPois rF+ Int+2}
   (You found it on level 6 of the Dungeon)

   It inflicts extra damage upon your enemies.
   It affects your intelligence (+2).
   It protects you from fire.
   It protects you from poison.
 b - a +0 shortbow
 p - a +0 trident
 M - a +4 flail of protection
Missiles
 d - 3 throwing nets (quivered)
 e - 8 poisoned tomahawks
 k - 27 bolts
 K - 56 arrows
Armour
 c - a +0 helmet (worn)
 r - +0 ice dragon scales
 u - a +0 scale mail (worn)
 A - a +0 cloak (worn)
 E - a +1 pair of gloves of archery (worn)
 F - a +2 pair of gloves
 G - a +0 helmet
 J - a +0 leather armour
Jewellery
 l - a ring of poison resistance (left hand)
 v - an uncursed ring of magical power
 B - a ring of stealth (right hand)
 O - an amulet of regeneration (around neck)
Wands
 i - a wand of paralysis (16/24)
Scrolls
 n - a scroll of enchant armour {unknown}
 o - a scroll of random uselessness {unknown}
 q - a scroll of recharging
 s - 6 scrolls of remove curse
 t - a scroll of amnesia
 y - 3 scrolls of identify
 I - 2 scrolls of fear {unknown}
Potions
 h - a potion of degeneration {unknown}
 j - 2 potions of might {unknown}
 m - 6 potions of curing {unknown}
 w - a potion of berserk rage {unknown}
 x - 3 potions of agility {unknown}
 C - a potion of cancellation {unknown}
 D - 2 potions of heal wounds {unknown}
 H - a potion of brilliance {unknown}
 N - a potion of magic {unknown}
Books
 z - a book of Changes

   Spells                             Type                      Level
   a - Beastly Appendage              Transmutation                1
   b - Sticks to Snakes               Transmutation                2
   c - Spider Form                    Transmutation/Poison         3
   d - Ice Form                       Ice/Transmutation            4
   e - Blade Hands                    Transmutation                5
Comestibles
 f - 4 bread rations
 g - a meat ration
 L - a fruit


   Skills:
 + Level 4.4 Fighting
 + Level 0.3 Long Blades
 + Level 6.3 Polearms
 + Level 2.0 Bows
 + Level 1.9 Throwing
 + Level 3.0 Armour
 + Level 3.9 Dodging
 + Level 2.8 Stealth


You had 6 spell levels left.
You knew the following spells:

 Your Spells              Type           Power        Failure   Level  Hunger
a - Beastly Appendage     Tmut           #.....       75%         1    ##.....


Dungeon Overview and Level Annotations

Branches:
Dungeon (7/15)             Temple (1/1) D:6

Altars:
Ashenzari
Cheibriados
Elyvilon
Gozag
Hepliaklqana
Okawaru
Qazlal
Ru
Sif Muna
Trog
Uskayaw
Vehumet
Yredelemnul
Zin
The Shining One

Shops:
D:7 =


Innate Abilities, Weirdness & Mutations

You have large cloven feet.
You are surrounded by a moderate repulsion field. (EV +3)
A weak demonic guardian rushes to your aid.
You are partially covered in sharp spines.
Your life essence is reduced to manifest your ancestor. (-10% HP)


Message History

The orc warrior's wounds heal themselves!
Firing (i - inventory. (,) - cycle):
K - 57 arrows (quivered)
Press: ? - help, Shift-Dir - straight line, f/p - orc warrior
Aim: an orc warrior, wielding a mace and wearing a chain mail You shoot an arrow.
The arrow hits the orc warrior but does no damage.
The orc warrior closely misses you.
a - the +6 falchion of the Lumpy Blessings (weapon)
{slice, rPois rF+ Int+2} An orc priest comes into view.
It is wielding a short sword.
The orc priest shouts!
The orc priest mumbles some strange prayers to Beogh against you.
Beogh smites you!
The orc priest calls down the wrath of Beogh upon you.
Beogh smites you! The orc warrior hits you with a mace!
The orc priest invokes the aid of Beogh against you.
Pain shoots through your body!
* * * LOW HITPOINT WARNING * * *
The orc priest invokes the aid of Beogh against you.
Beogh smites you!
You die...

...<.>#######.......#
....................#
......#####......[..#
.).[................#
##.##.#'####........#
##.##....# #........#
##.##....###.#.######
##.##........#.########
##..+...........@.....#
#####.....####....o...#
# #.....<.......(...+ #
#....#####....(...# #
##.............o(..# #
#.........<......o## #
#..........######.#
####.........## #o#
.............## #.#


You could see an orc warrior and 3 orc priests.

Vanquished Creatures
  Edmund (D:6)
  An ogre (D:5)
  The ghost of StormFighter the Ruffian, an amateur DrTm (D:3)
  3 centaurs
  A scorpion (D:5)
  3 hounds
  A jelly (D:6)
  3 orc priests
  An orc wizard (D:4)
  A bullfrog skeleton (D:5)
  An iguana (D:5)
  4 worker ants
  A hound skeleton (D:4)
  A worker ant zombie (D:6)
  11 adders
  3 shadow imps
  An ooze (D:2)
  An adder skeleton (D:7)
  2 worms
  A dart slug (D:4)
  2 leopard geckos
  13 orcs
  5 giant cockroaches
  12 goblins
  4 hobgoblins
  7 jackals (D:2)
  4 quokkas
  8 ball pythons
  A ball python skeleton (D:4)
  3 bats
  2 frilled lizards (D:3)
  5 kobolds
  A quokka skeleton (D:4)
  A quokka zombie (D:6)
  4 rats
114 creatures vanquished.

Vanquished Creatures (collateral kills)
  A scorpion (D:4)
  An orc wizard (D:3)
  An orc (D:3)
3 creatures vanquished.

Vanquished Creatures (others)
  4 ancestors
4 creatures vanquished.

Grand Total: 121 creatures vanquished

Notes
Turn   | Place    | Note
-------+----------+-------------------------------------------
     0 | D:1      | doot the Demonspawn Gladiator began the quest for the Orb.
     0 | D:1      | Reached XP level 1. HP: 16/16 MP: 1/1
   562 | D:1      | Gained mutation: A weak demonic guardian rushes to your aid. [demonic ancestry]
   562 | D:1      | Reached XP level 2. HP: 19/22 MP: 2/2
   653 | D:1      | Reached skill level 3 in Polearms
  1423 | D:2      | Reached XP level 3. HP: 27/27 MP: 3/3
  1879 | D:2      | Reached skill level 1 in Armour
  1896 | D:2      | Gained mutation: You are surrounded by a mild repulsion field. (EV +2) [demonic ancestry]
  1896 | D:2      | Reached XP level 4. HP: 33/33 MP: 4/4
  2661 | D:3      | Noticed StormFighter's ghost (amateur DrTm)
  2694 | D:3      | Killed StormFighter's ghost
  2694 | D:3      | Gained mutation: You are surrounded by a moderate repulsion field. (EV +3) [demonic ancestry]
  2694 | D:3      | Reached XP level 5. HP: 10/39 MP: 5/5
  2954 | D:3      | Reached skill level 4 in Polearms
  3253 | D:3      | Reached skill level 1 in Stealth
  3808 | D:4      | Gained mutation: You are partially covered in sharp spines. [demonic ancestry]
  3808 | D:4      | Reached XP level 6. HP: 46/46 MP: 6/6
  4159 | D:4      | Found an iron altar of Okawaru.
  4199 | D:4      | Reached skill level 5 in Polearms
  4682 | D:5      | Entered Level 5 of the Dungeon
  4690 | D:5      | Gained mutation: You have large cloven feet. [demonic ancestry]
  4690 | D:5      | Reached XP level 7. HP: 51/52 MP: 7/7
  5431 | D:5      | Reached skill level 6 in Polearms
  5541 | D:6      | Noticed a troll
  5605 | D:6      | Reached skill level 1 in Bows
  5671 | D:6      | Found a staircase to the Ecumenical Temple.
  5681 | Temple   | Entered the Ecumenical Temple
  5782 | Temple   | Became a worshipper of Hepliaklqana the Forgotten
  5893 | D:6      | Got a crude falchion
  5894 | D:6      | Identified the +6 falchion of the Lumpy Blessings {slice, rPois rF+ Int+2} (You found it on level 6 of the Dungeon)
  6005 | D:6      | Reached XP level 8. HP: 54/54 MP: 8/8
  6016 | D:6      | Found a radiant altar of Vehumet.
  6070 | D:6      | Found a white marble altar of Elyvilon.
  6188 | D:6      | Noticed Edmund
  6198 | D:6      | Killed Edmund
  6238 | D:7      | Found Tefot's Jewellery Shop.
  6257 | D:7      | Bought an uncursed amulet of regeneration for 300 gold pieces
  6340 | D:7      | Learned a level 1 spell: Beastly Appendage
  6434 | D:7      | Killed from afar by an orc priest

Skill      XL: |  1  2  3  4  5  6  7  8 |
---------------+-------------------------+-----
Polearms       | 3 4 5 6 |  6.3
Dodging        | 3 |  3.9
Armour         | 1 2 3 |  3.0
Stealth        | 1 2 |  2.8
Fighting       | 3 4 |  4.4
Bows           | 1 2 |  2.0
Long Blades    | |  0.3
Throwing       | |  1.9

Action                   |  1- 3 |  4- 6 |  7- 9 || total
-------------------------+-------+-------+-------++-------
Melee: Trident           |   153 |   197 |    50 ||   400
       Kick              |       |       |    15 ||    15
       Falchion          |       |       |    18 ||    18
 Fire: Shortbow          |       |       |    21 ||    21
Throw: Throwing net      |     1 |       |       ||     1
Invok: Ancestor Identity |       |       |     1 ||     1
  Use: Scroll            |     2 |       |     5 ||     7
 Stab: Sleeping          |     2 |     6 |       ||     8
  Eat: Chunk             |     3 |     9 |     3 ||    15
       Royal jelly       |       |       |     1 ||     1
Armor: Leather armour    |    43 |    25 |     2 ||    70
       Scale mail        |       |       |    16 ||    16
Dodge: Dodged            |    99 |   128 |    44 ||   271
       Rpst.: Falchion   |       |       |     4 ||     4
